 Dungeon Crawl Stone Soup version 0.22.0-6-g71bd7aa (webtiles) character file.

2673 Tommers the Geomancer (level 9, -8/61 HPs)
             Began as a Formicid Earth Elementalist on Aug 15, 2018.
             Was a Follower of Vehumet.
             Killed themself with a badly aimed fireball (10 damage)
             ... on level 7 of the Dungeon.
             The game lasted 00:47:49 (5755 turns).

Tommers the Geomancer (Formicid Earth Elementalist) Turns: 5755, Time: 00:47:50

Health: -8/61      AC:  7    Str: 15    XL:     9   Next: 95%
Magic:  2/19       EV: 13    Int: 16    God:    Vehumet [*.....]
Gold:   37         SH:  0    Dex: 11    Spells: 10/21 levels left

rFire    . . .     SeeInvis +   e - staff of earth
rCold    . . .     Gourm    .   (no shield)
rNeg     + . .     Faith    +   i - +2 robe
rPois    .         Spirit   .   (helmet unavailable)
rElec    .         Reflect  .   (no cloak)
rCorr    .         Harm     .   k - +2 pair of gloves
MR       .....                  (no boots)
Stlth    +++.......             v - amulet of faith
HPRegen  0.20/turn              s - ring of positive energy
MPRegen  0.16/turn              y - +1 ring of evasion

@: no status effects
A: permanent stasis, dig shafts and tunnels, four strong arms, antennae 3
a: Dig, Shaft Self, Renounce Religion


You were on level 7 of the Dungeon.
You worshipped Vehumet.
Vehumet was aware of your devotion.
You were not hungry.

You visited 2 branches of the dungeon, and saw 8 of its levels.

You collected 287 gold pieces.
You spent 250 gold pieces at shops.

Inventory:

Hand Weapons
 q - a +0 hunting sling
 w - a +0 morningstar
 A - a +2 mace of distortion
Armour
 i - a +2 robe (worn)
 k - a +2 pair of gloves (worn)
Magical Staves
 e - an uncursed staff of earth (weapon)
Jewellery
 s - a ring of positive energy (left hand)
 t - an uncursed amulet of guardian spirit
 v - an amulet of faith (around neck)
 y - a +1 ring of evasion (right hand)
Wands
 f - a wand of digging (20)
 m - a wand of flame (17)
 o - a wand of random effects (29)
Scrolls
 l - 2 scrolls of enchant armour
 z - a scroll of fog {unknown}
Potions
 a - 3 potions of agility
 c - a potion of degeneration {unknown}
 d - a potion of brilliance {unknown}
 h - a potion of heal wounds {unknown}
 j - a potion of lignification {unknown}
 n - 3 potions of curing
 r - a potion of flight {unknown}
 u - a potion of invisibility {unknown}
 x - a potion of haste {unknown}
Comestibles
 p - 4 rations


   Skills:
 + Level 1.7 Fighting
 + Level 1.7 Maces & Flails
 + Level 0.1(1.0) Staves
 + Level 2.3 Dodging
 + Level 5.9 Stealth
 + Level 6.9 Spellcasting
 + Level 1.5 Conjurations
 + Level 1.1 Transmutations
 * Level 10.7 Earth Magic
 * Level 4.1 Evocations


You had 10 spell levels left.
You knew the following spells:

 Your Spells              Type           Power        Failure   Level  Hunger
a - Sandblast             Erth           ######       1%          1    None
b - Passwall              Tmut/Erth      #####...     1%          2    None
c - Stone Arrow           Conj/Erth      #####.       3%          3    ##.....
d - Lee's Rapid Deconstr  Erth           ######....   4%          5    #####..

Your spell library contained the following spells:

 Spells                   Type           Power        Failure   Level  Hunger
 Confuse                  Hex            #.......     36%         3    ##.....
 Tukima's Dance           Hex            #.......     36%         3    ##.....
 Ensorcelled Hibernation  Hex/Ice        #.....       19%         2    None
 Corona                   Hex            #......      13%         1    None
 Petrify                  Tmut/Erth      #####...     11%         4    ####...
 Dazzling Spray           Conj/Hex       #.....       28%         3    ##.....


Dungeon Overview and Level Annotations

Branches:
Dungeon (7/15)             Temple (1/1) D:6

Altars:
Ashenzari
Cheibriados
Dithmenos
Fedhas
Gozag
Hepliaklqana
Makhleb
Qazlal
Ru
Uskayaw
Vehumet
Xom
The Shining One

Shops:
D:5 }*((*   D:6 =


Innate Abilities, Weirdness & Mutations

You cannot be hasted, slowed, berserked, paralysed or teleported.
You can dig through walls and to a lower floor.
Your four strong arms can wield two-handed weapons with a shield.
You have a pair of large antennae on your head. (SInv)


Message History

Aim: a yak (heavily wounded)
You feel a surge of power!
The stone arrow hits the yak.
The yak is almost dead.
The yak gores you but does no damage.
Evoke which item? (* to show all) (? for menu, Esc to quit)
Aiming: Random Effects
Press: ? - help, Shift-Dir - straight line, f/p - yak
Aim: a yak (almost dead)
The yak resists with significant effort.
The yak gores you!
* * * LOW HITPOINT WARNING * * *
Evoke which item? (* to show all) (? for menu, Esc to quit)
Aiming: Random Effects
Press: ? - help, Shift-Dir - straight line, f/p - yak
Aim: a yak (almost dead)
The fireball explodes!
The fireball engulfs the yak.
You kill the yak!
Vehumet accepts your kill.
You feel your power returning. The fireball engulfs you!
You die...

#.....#.##........#
#.....#.##.....#..#
#.....#...†.......#
#.....####)>)..#..#
#.....####)..#.#..#
#......).#.....#..#
#........#........#
#........#.###.####
# #....@...#.# #.#
#### ##########.#
#.# #.## #.# #.#
#.## #.# ### #.##
#.########...
#..........##
##########.##.######
#..........##.#
#.#######..##.##


There were no monsters in sight!

Vanquished Creatures
  Sigmund (D:6)
  3 yaks (D:7)
  Menkaure (D:6)
  An orc warrior (D:6)
  A sky beast (D:6)
  A black bear (D:7)
  2 ogres
  2 phantoms
  A centaur (D:7)
  2 bullfrogs (D:7)
  6 killer bees (D:7)
  2 howler monkeys
  A crimson imp (D:5)
  A hound (D:6)
  3 bullfrog skeletons
  An orc priest (D:7)
  Jessica (D:2)
  A gnoll shaman (D:5)
  An iguana (D:6)
  6 orc wizards
  3 worker ants
  A hound skeleton (D:7)
  7 gnolls
  9 adders
  2 shadow imps
  2 oozes
  An adder zombie (D:5)
  An adder skeleton (D:5)
  4 worms
  5 dart slugs
  5 leopard geckos
  15 orcs
  4 giant cockroaches
  9 goblins
  7 hobgoblins
  10 jackals
  A quokka (D:3)
  6 bats
  3 frilled lizards
  6 kobolds
  2 leopard gecko skeletons
  A quokka skeleton (D:5)
  5 rats
147 creatures vanquished.

Notes
Turn   | Place    | Note
-------+----------+-------------------------------------------
     0 | D:1      | Tommers the Formicid Earth Elementalist began the quest for the Orb.
     0 | D:1      | Reached XP level 1. HP: 13/13 MP: 3/3
    39 | D:1      | Reached skill level 4 in Earth Magic
    39 | D:1      | Reached XP level 2. HP: 5/19 MP: 0/5
   432 | D:1      | Learned a level 2 spell: Passwall
   554 | D:1      | Reached XP level 3. HP: 16/24 MP: 0/7
  1441 | D:2      | Noticed Jessica
  1446 | D:2      | Killed Jessica
  1446 | D:2      | Reached XP level 4. HP: 30/30 MP: 5/8
  1878 | D:3      | Reached skill level 5 in Earth Magic
  2010 | D:3      | Learned a level 3 spell: Stone Arrow
  2025 | D:3      | Reached XP level 5. HP: 36/36 MP: 9/9
  2506 | D:4      | Reached skill level 1 in Fighting
  2600 | D:4      | Reached skill level 1 in Maces & Flails
  2661 | D:4      | Noticed a phantom
  2675 | D:4      | Killed a phantom
  2675 | D:4      | Reached XP level 6. HP: 35/43 MP: 0/12
  2720 | D:4      | Reached skill level 6 in Earth Magic
  2755 | D:4      | Reached skill level 1 in Conjurations
  2917 | D:4      | Found a blossoming altar of Fedhas.
  2919 | D:4      | Found a hazy altar of Hepliaklqana.
  2982 | D:4      | Reached XP level 7. HP: 40/48 MP: 13/13
  3293 | D:5      | Entered Level 5 of the Dungeon
  3341 | D:5      | Found a snail-covered altar of Cheibriados.
  3594 | D:5      | Found Gamanir's Assorted Antiques.
  3788 | D:5      | Found Jeyxul's Antique Weapon Shop.
  3794 | D:5      | Bought a runed flail for 175 gold pieces
  3795 | D:5      | Identified a scroll of acquirement
  3826 | D:5      | Found Efyfido's Gadget Boutique.
  3853 | D:5      | Found Ichulel's General Store.
  3861 | D:5      | Bought a scroll of remove curse for 36 gold pieces
  3900 | D:5      | Found Cib Osef's Weapon Shop.
  4069 | D:5      | Reached skill level 7 in Earth Magic
  4199 | D:6      | Reached skill level 1 in Evocations
  4348 | D:6      | Found a shattered altar of Ashenzari.
  4353 | D:6      | Reached XP level 8. HP: 53/54 MP: 13/15
  4554 | D:6      | Reached skill level 5 in Spellcasting
  4764 | D:6      | Reached skill level 8 in Earth Magic
  4777 | D:6      | Noticed Menkaure
  4780 | D:6      | Killed Menkaure
  4928 | D:6      | Noticed Sigmund
  4931 | D:6      | Killed Sigmund
  4932 | D:6      | Reached skill level 5 in Stealth
  4944 | D:6      | Found a staircase to the Ecumenical Temple.
  4964 | Temple   | Entered the Ecumenical Temple
  4982 | Temple   | Became a worshipper of Vehumet
  5052 | D:6      | Found Zuylobb's Jewellery Shop.
  5057 | D:6      | Bought a +1 ring of evasion for 39 gold pieces
  5321 | D:7      | Reached XP level 9. HP: 56/59 MP: 10/17
  5325 | D:7      | Reached skill level 9 in Earth Magic
  5483 | D:7      | Learned a level 5 spell: Lee's Rapid Deconstruction
  5601 | D:7      | Reached * piety under Vehumet
  5601 | D:7      | Offered knowledge of Shock by Vehumet.
  5607 | D:7      | Reached skill level 10 in Earth Magic
  5754 | D:7      | HP: 2/60 [yak (13)]
  5755 | D:7      | Killed themself with a badly aimed fireball

Skill      XL: |  1  2  3  4  5  6  7  8  9 |
---------------+----------------------------+-----
Earth Magic    | 4 5 6 7 8 10 | 10.7
Spellcasting   | 3 4 5 6 |  6.9
Stealth        | 3 4 5 |  5.9
Fighting       | 1 |  1.7
Maces & Flails | 1 |  1.7
Conjurations   | 1 |  1.5
Dodging        | 2 |  2.3
Evocations     | 1 3 4 |  4.1
Staves         | |  0.1
Transmutations | |  1.1

Action                   |  1- 3 |  4- 6 |  7- 9 || total
-------------------------+-------+-------+-------++-------
Melee: Club              |    24 |       |       ||    24
       Flail             |     2 |    32 |       ||    34
       Morningstar       |       |     9 |    19 ||    28
       Staff             |       |       |    28 ||    28
 Cast: Sandblast         |    32 |    79 |   108 ||   219
       Stone Arrow       |       |       |    11 ||    11
 Abil: Dig               |     4 |     1 |     2 ||     7
Evoke: Wand              |       |     1 |     1 ||     2
  Use: Scroll            |     2 |     3 |     7 ||    12
       Potion            |       |       |     1 ||     1
 Stab: Sleeping          |       |     4 |     7 ||    11
  Eat: Ration            |     2 |     1 |     3 ||     6
       Chunk             |       |     1 |       ||     1
Armor: Robe              |     7 |    15 |    26 ||    48
Dodge: Dodged            |    24 |    44 |    54 ||   122
